| TOP OF THE 1ST |
|
Greeneville Astros batting - Pitching for Baltimore (APP) Orioles : RHP Yuji Higashi
|
|
Pitching: RHP Yuji Higashi
|
|
|
Batting: LHB Vecdi Hodensack
|
0-0: Foul Ball, location: 2F 0-1: Ball 1-1: Swinging Strike 1-2: Foul Ball, location: 2F 1-2: Strikes out swinging
|
|
Batting: LHB Bert Middleton
|
0-0: DOUBLE (Line Drive, 8RXD, EV 105.0 MPH)
|
|
Batting: LHB Lou Toth
|
0-0: Swinging Strike 0-1: Ball 1-1: Ball 2-1: Foul Ball, location: 2F 2-2: Foul Ball, location: 2F 2-2: Foul Ball, location: 2F 2-2: Foul Ball, location: 2F 2-2: Ball 3-2: Base on Balls
|
|
Batting: RHB Tim Williams
|
0-0: Foul Ball, location: 2F 0-1: SINGLE (Line Drive, 8RS, EV 108.8 MPH) Bert Middleton to third Lou Toth to second
|
|
Batting: LHB Bob Neale
|
0-0: Swinging Strike 0-1: Ball 1-1: Grounds into double play, 6-4-3 (Groundball, 6S, EV 89.4 MPH)
|
| Top of the 1st over - 0 runs, 2 hits, 0 errors, 2 left on base; Greeneville 0 - Baltimore (APP) 0 |
| BOTTOM OF THE 1ST |
|
Baltimore (APP) Orioles batting - Pitching for Greeneville Astros : LHP Guadalupe Gonzalez
|
|
Pitching: LHP Guadalupe Gonzalez
|
|
|
Batting: LHB Edwin Cabral
|
0-0: Swinging Strike 0-1: Ball 1-1: Called Strike 1-2: Strikes out swinging
|
|
Batting: RHB Eddie Morin
|
0-0: Called Strike 0-1: Ground out 1-3 (Groundball, 13S, EV 63.1 MPH)
|
|
Batting: RHB Imbart van Rens
|
0-0: Ball 1-0: Ball 2-0: Ball 3-0: Swinging Strike 3-1: Swinging Strike 3-2: Foul Ball, location: 2F 3-2: Foul Ball, location: 2F 3-2: Strikes out looking
|
| Bottom of the 1st over - 0 runs, 0 hits, 0 errors, 0 left on base; Greeneville 0 - Baltimore (APP) 0 |
| TOP OF THE 2ND |
|
Greeneville Astros batting - Pitching for Baltimore (APP) Orioles : RHP Yuji Higashi
|
|
Batting: RHB Jamie Walker
|
0-0: Called Strike 0-1: Foul Ball, location: 2F 0-2: Ball 1-2: Strikes out swinging
|
|
Batting: RHB Fernando Acosta
|
0-0: Called Strike 0-1: Ball 1-1: Ball 2-1: Called Strike 2-2: Strikes out swinging
|
|
Batting: LHB Gong Tow
|
0-0: Ball 1-0: Called Strike 1-1: Foul Ball, location: 2F 1-2: Ball 2-2: DOUBLE (Flyball, 89XD, EV 110.0 MPH)
|
|
Batting: LHB Casper Significant
|
0-0: Ball 1-0: Called Strike 1-1: Called Strike 1-2: Ball 2-2: Strikes out swinging
|
| Top of the 2nd over - 0 runs, 1 hit, 0 errors, 1 left on base; Greeneville 0 - Baltimore (APP) 0 |
| BOTTOM OF THE 2ND |
|
Baltimore (APP) Orioles batting - Pitching for Greeneville Astros : LHP Guadalupe Gonzalez
|
|
Batting: RHB Han Caspers
|
0-0: Called Strike 0-1: Ball 1-1: Foul Ball, location: 2F 1-2: Ball 2-2: Ball 3-2: Base on Balls
|
|
Batting: RHB Javier Brizuela
|
0-0: Called Strike Han Caspers steals 2nd base 0-1: Swinging Strike 0-2: Ball 1-2: Ball 2-2: Foul Ball, location: 2F 2-2: Foul Ball, location: 2F 2-2: Strikes out swinging
|
|
Batting: LHB Sueo Iba
|
0-0: Ball 1-0: Ball 2-0: Ball 3-0: Called Strike 3-1: Foul Ball, location: 2F 3-2: Strikes out swinging
|
|
Batting: RHB David Gomez
|
0-0: Ground out U3 (Groundball, 34S, EV 83.8 MPH)
|
| Bottom of the 2nd over - 0 runs, 0 hits, 0 errors, 1 left on base; Greeneville 0 - Baltimore (APP) 0 |
| TOP OF THE 3RD |
|
Greeneville Astros batting - Pitching for Baltimore (APP) Orioles : RHP Yuji Higashi
|
|
Batting: LHB Vecdi Hodensack
|
0-0: Called Strike 0-1: Called Strike 0-2: Fly out, F5 (Popup, 5, EV 81.2 MPH)
|
|
Batting: LHB Bert Middleton
|
0-0: Ball 1-0: Swinging Strike 1-1: Swinging Strike 1-2: Ball 2-2: Foul Ball, location: 2F 2-2: Ball 3-2: Base on Balls
|
|
Batting: LHB Lou Toth
|
0-0: Ball 1-0: Foul Ball, location: 2F 1-1: Foul Ball, location: 2F 1-2: Ball 2-2: Ground out 4-3 (Groundball, 4S, EV 70.6 MPH) Bert Middleton to second
|
|
Batting: RHB Tim Williams
|
0-0: Ball 1-0: SINGLE (Line Drive, 7S, EV 86.9 MPH) Bert Middleton to third Runner from 3rd tries for Home, SAFE, throw by LF to home
|
|
Batting: LHB Bob Neale
|
0-0: Fly out, F9 (Flyball, 9LD, EV 95.0 MPH)
|
| Top of the 3rd over - 1 run, 1 hit, 0 errors, 1 left on base; Greeneville 1 - Baltimore (APP) 0 |
| BOTTOM OF THE 3RD |
|
Baltimore (APP) Orioles batting - Pitching for Greeneville Astros : LHP Guadalupe Gonzalez
|
|
Batting: RHB Tyler Cohen
|
0-0: Ball 1-0: Reached on error, E4 (Groundball, 4M, EV 88.8 MPH)
|
|
Batting: RHB Bob Bychyk
|
0-0: Bunt missed! 0-1: Bunt missed! 0-2: Ball 1-2: Bunt missed, Strikeout!
|
|
Batting: LHB Edwin Cabral
|
0-0: Ball 1-0: Ball 2-0: Ball Wild Pitch! Tyler Cohen to second 3-0: Called Strike 3-1: Foul Ball, location: 2F 3-2: Foul Ball, location: 2F 3-2: SINGLE (Groundball, 4S, EV 93.8 MPH) Tyler Cohen to third
|
|
Batting: RHB Eddie Morin
|
0-0: Ball 1-0: Foul Ball, location: 2F 1-1: Grounds into double play, 1-6-3 (Groundball, 13, EV 70.0 MPH)
|
| Bottom of the 3rd over - 0 runs, 1 hit, 1 error, 1 left on base; Greeneville 1 - Baltimore (APP) 0 |
| TOP OF THE 4TH |
|
Greeneville Astros batting - Pitching for Baltimore (APP) Orioles : RHP Yuji Higashi
|
|
Batting: RHB Jamie Walker
|
0-0: Called Strike 0-1: Ball 1-1: Foul Ball, location: 2F 1-2: Ball 2-2: Ball 3-2: Foul Ball, location: 2F 3-2: DOUBLE (Line Drive, 9LD, EV 107.5 MPH)
|
|
Batting: RHB Fernando Acosta
|
0-0: Called Strike 0-1: Fly out, F6 (Line Drive, 56, EV 66.2 MPH)
|
|
Batting: LHB Gong Tow
|
0-0: Ball 1-0: Called Strike 1-1: Swinging Strike 1-2: Foul Ball, location: 2F 1-2: Strikes out swinging
|
|
Batting: LHB Casper Significant
|
0-0: Hit by Pitch
|
|
Batting: LHB Vecdi Hodensack
|
0-0: Ball 1-0: Reached on error, E6 (Groundball, 6, EV 85.0 MPH) Jamie Walker to third Casper Significant to second
|
|
Batting: LHB Bert Middleton
|
0-0: Ball 1-0: Ball 2-0: Called Strike 2-1: Swinging Strike 2-2: Foul Ball, location: 2F 2-2: Foul Ball, location: 2F 2-2: Ball 3-2: Strikes out swinging
|
| Top of the 4th over - 0 runs, 1 hit, 1 error, 3 left on base; Greeneville 1 - Baltimore (APP) 0 |
| BOTTOM OF THE 4TH |
|
Baltimore (APP) Orioles batting - Pitching for Greeneville Astros : LHP Guadalupe Gonzalez
|
|
Batting: RHB Imbart van Rens
|
0-0: Called Strike 0-1: Ball 1-1: Swinging Strike 1-2: Fly out, F9 (Line Drive, 9LM, EV 93.1 MPH)
|
|
Batting: RHB Han Caspers
|
0-0: Swinging Strike 0-1: Foul Ball, location: 2F 0-2: Strikes out swinging
|
|
Batting: RHB Javier Brizuela
|
0-0: Ball 1-0: Ground out 5-3 (Groundball, 56, EV 87.5 MPH)
|
| Bottom of the 4th over - 0 runs, 0 hits, 0 errors, 0 left on base; Greeneville 1 - Baltimore (APP) 0 |
| TOP OF THE 5TH |
|
Greeneville Astros batting - Pitching for Baltimore (APP) Orioles : RHP Yuji Higashi
|
|
Pitching: LHP Gilberto Lugo
|
|
|
Batting: LHB Lou Toth
|
0-0: Foul Ball, location: 2F 0-1: Foul Ball, location: 2F 0-2: Ball 1-2: Foul Ball, location: 2F 1-2: Ball 2-2: Ball 3-2: DOUBLE (Flyball, 78XD, EV 101.9 MPH)
|
|
Batting: RHB Tim Williams
|
0-0: Ball 1-0: Ball 2-0: Foul Ball, location: 2F 2-1: Ball 3-1: Base on Balls
|
|
Batting: LHB Bob Neale
|
0-0: Called Strike 0-1: Called Strike 0-2: Strikes out swinging
|
|
Batting: RHB Jamie Walker
|
0-0: Called Strike 0-1: Ball 1-1: SINGLE (Groundball, 56S, EV 65.6 MPH) (infield hit) Lou Toth to third Tim Williams to second
|
|
Batting: RHB Fernando Acosta
|
0-0: Called Strike 0-1: Ball 1-1: SINGLE (Line Drive, 34, EV 102.5 MPH) Lou Toth scores Tim Williams to third Jamie Walker to second
|
|
Batting: LHB Gong Tow
|
0-0: Ball 1-0: Called Strike 1-1: Foul Ball, location: 2F 1-2: Strikes out looking
|
|
Batting: LHB Casper Significant
|
0-0: Hit by Pitch Tim Williams scores Jamie Walker to third Fernando Acosta to second
|
|
Batting: LHB Vecdi Hodensack
|
0-0: GRAND SLAM HOME RUN (Flyball, 8RXD, EV 113.1 MPH), Distance : 447 ft
|
|
Pitching: RHP Xavier Martin
|
|
|
Batting: LHB Bert Middleton
|
0-0: Ball 1-0: Ball 2-0: Ball 3-0: Base on Balls
|
|
Batting: LHB Lou Toth
|
0-0: Swinging Strike 0-1: Ball 1-1: Ball 2-1: Foul Ball, location: 2F 2-2: Foul Ball, location: 2F 2-2: Strikes out swinging
|
| Top of the 5th over - 6 runs, 4 hits, 0 errors, 1 left on base; Greeneville 7 - Baltimore (APP) 0 |
| BOTTOM OF THE 5TH |
|
Baltimore (APP) Orioles batting - Pitching for Greeneville Astros : LHP Guadalupe Gonzalez
|
|
Batting: LHB Sueo Iba
|
0-0: Foul Ball, location: 2F 0-1: Swinging Strike 0-2: Ball 1-2: Ball 2-2: Foul Ball, location: 2F 2-2: Ball 3-2: SINGLE (Groundball, 34D, EV 95.6 MPH)
|
|
Batting: RHB David Gomez
|
0-0: Called Strike 0-1: Ball 1-1: Ball 2-1: Ball 3-1: Fly out, F7 (Flyball, 78D, EV 100.0 MPH)
|
|
Batting: RHB Tyler Cohen
|
0-0: Ball 1-0: Ball 2-0: Ball 3-0: Foul Ball, location: 2F 3-1: Base on Balls Sueo Iba to second
|
|
Batting: RHB Bob Bychyk
|
0-0: Bunt missed! 0-1: Bunt missed! 0-2: Bunt missed, Strikeout!
|
|
Batting: LHB Edwin Cabral
|
0-0: Ball 1-0: Ball 2-0: Ball 3-0: Called Strike 3-1: Base on Balls Sueo Iba to third Tyler Cohen to second
|
|
Pitching: RHP Kurt Carr
|
|
|
Batting: RHB Eddie Morin
|
0-0: Ball 1-0: Fly out, F3 (Popup, 34, EV 61.2 MPH)
|
| Bottom of the 5th over - 0 runs, 1 hit, 0 errors, 3 left on base; Greeneville 7 - Baltimore (APP) 0 |
| TOP OF THE 6TH |
|
Greeneville Astros batting - Pitching for Baltimore (APP) Orioles : RHP Xavier Martin
|
|
Batting: RHB Tim Williams
|
0-0: Ball 1-0: Called Strike 1-1: Ground out 5-3 (Groundball, 56S, EV 72.5 MPH)
|
|
Batting: LHB Bob Neale
|
0-0: Called Strike 0-1: Ground out 5-3 (Groundball, 56, EV 82.5 MPH)
|
|
Batting: RHB Jamie Walker
|
0-0: Ball 1-0: Ball 2-0: Called Strike 2-1: Foul Ball, location: 2F 2-2: Strikes out swinging
|
| Top of the 6th over - 0 runs, 0 hits, 0 errors, 0 left on base; Greeneville 7 - Baltimore (APP) 0 |
| BOTTOM OF THE 6TH |
|
Baltimore (APP) Orioles batting - Pitching for Greeneville Astros : RHP Kurt Carr
|
|
Batting: RHB Imbart van Rens
|
0-0: Called Strike 0-1: Ball 1-1: Fly out, F9 (Line Drive, 9, EV 98.1 MPH)
|
|
Batting: RHB Han Caspers
|
0-0: Fly out, F8 (Flyball, 78M, EV 91.2 MPH)
|
|
Batting: RHB Javier Brizuela
|
0-0: Ball 1-0: SINGLE (Groundball, 56D, EV 108.1 MPH)
|
|
Batting: LHB Sueo Iba
|
0-0: Ground out 5-3 (Groundball, 56S, EV 60.0 MPH)
|
| Bottom of the 6th over - 0 runs, 1 hit, 0 errors, 1 left on base; Greeneville 7 - Baltimore (APP) 0 |
| TOP OF THE 7TH |
|
Greeneville Astros batting - Pitching for Baltimore (APP) Orioles : RHP Xavier Martin
|
|
Batting: RHB Fernando Acosta
|
0-0: Swinging Strike 0-1: Fly out, F7 (Line Drive, 7LM, EV 91.2 MPH)
|
|
Batting: LHB Gong Tow
|
0-0: Called Strike 0-1: Foul Ball, location: 2F 0-2: SINGLE (Groundball, P, EV 86.9 MPH) (infield hit)
|
|
Batting: LHB Casper Significant
|
0-0: Ball 1-0: Foul Ball, location: 2F 1-1: Foul Ball, location: 2F 1-2: Fielders Choice at 2nd, 4-6 (Groundball, 4, EV 100.6 MPH)
|
|
Pinch Hitting: SHB Rory Mozer
|
0-0: Ground out U3 (Groundball, 3, EV 93.1 MPH)
|
| Top of the 7th over - 0 runs, 1 hit, 0 errors, 1 left on base; Greeneville 7 - Baltimore (APP) 0 |
| BOTTOM OF THE 7TH |
|
Baltimore (APP) Orioles batting - Pitching for Greeneville Astros : RHP Kurt Carr
|
|
Now at 3B: Rory Mozer
|
|
|
Batting: RHB David Gomez
|
0-0: SOLO HOME RUN (Flyball, 89XD, EV 116.2 MPH), Distance : 445 ft
|
|
Batting: RHB Tyler Cohen
|
0-0: Ball 1-0: Called Strike 1-1: Foul Ball, location: 2F 1-2: SOLO HOME RUN (Flyball, 78XD, EV 112.5 MPH), Distance : 446 ft
|
|
Batting: RHB Bob Bychyk
|
0-0: Ball 1-0: Swinging Strike 1-1: Ball 2-1: Called Strike 2-2: Ball 3-2: Base on Balls
|
|
Batting: LHB Edwin Cabral
|
0-0: Ball 1-0: Ball 2-0: Called Strike 2-1: Swinging Strike 2-2: Ball 3-2: Fielders Choice at 2nd, 4-6 (Groundball, 4, EV 86.9 MPH)
|
|
Batting: RHB Eddie Morin
|
0-0: Called Strike Edwin Cabral steals 2nd, throwing error, E2 Edwin Cabral to third 0-1: Swinging Strike 0-2: Foul Ball, location: 2F 0-2: Ball 1-2: SINGLE (Groundball, 6MD, EV 98.1 MPH) Edwin Cabral scores
|
|
Pitching: RHP Ernie Bell
|
|
|
Batting: RHB Imbart van Rens
|
0-0: Called Strike 0-1: Ball 1-1: Called Strike 1-2: Foul Ball, location: 2F 1-2: Ball 2-2: SINGLE (Groundball, 23, EV 68.1 MPH) (infield hit) Eddie Morin to second
|
|
Batting: RHB Han Caspers
|
0-0: Grounds into double play, 5-4-3 (Groundball, 5, EV 101.2 MPH)
|
| Bottom of the 7th over - 3 runs, 4 hits, 1 error, 1 left on base; Greeneville 7 - Baltimore (APP) 3 |
| TOP OF THE 8TH |
|
Greeneville Astros batting - Pitching for Baltimore (APP) Orioles : RHP Xavier Martin
|
|
Batting: LHB Bert Middleton
|
0-0: Ball 1-0: Swinging Strike 1-1: Ball 2-1: Ball 3-1: Base on Balls
|
|
Batting: LHB Lou Toth
|
0-0: Ball 1-0: Foul Ball, location: 2F 1-1: Foul Ball, location: 2F 1-2: Foul Ball, location: 2F 1-2: Ball 2-2: 2-RUN HOME RUN (Flyball, 9D, EV 99.4 MPH), Distance : 384 ft
|
|
Pitching: RHP Vincent Maris
|
|
|
Batting: RHB Tim Williams
|
0-0: Called Strike 0-1: SINGLE (Line Drive, 89M, EV 99.4 MPH)
|
|
Batting: LHB Bob Neale
|
0-0: Swinging Strike 0-1: Swinging Strike 0-2: Foul Ball, location: 2F 0-2: Ball 1-2: Foul Ball, location: 2F 1-2: Ball 2-2: Strikes out swinging
|
|
Batting: RHB Jamie Walker
|
0-0: Ball 1-0: Foul Ball, location: 2F 1-1: Foul Ball, location: 2F 1-2: Ball 2-2: Ball 3-2: Strikes out swinging
|
|
Batting: RHB Fernando Acosta
|
0-0: Ball 1-0: Foul Ball, location: 2F 1-1: Foul Ball, location: 2F 1-2: Ground out 6-3 (Groundball, 6S, EV 79.4 MPH)
|
| Top of the 8th over - 2 runs, 2 hits, 0 errors, 1 left on base; Greeneville 9 - Baltimore (APP) 3 |
| BOTTOM OF THE 8TH |
|
Baltimore (APP) Orioles batting - Pitching for Greeneville Astros : RHP Ernie Bell
|
|
Batting: RHB Javier Brizuela
|
0-0: Fly out, F3 (Popup, 34, EV 76.2 MPH)
|
|
Batting: LHB Sueo Iba
|
0-0: Ball 1-0: Ground out 5-3 (Groundball, 5S, EV 76.2 MPH)
|
|
Batting: RHB David Gomez
|
0-0: Swinging Strike 0-1: Ball 1-1: Fly out, F7 (Flyball, 7, EV 95.6 MPH)
|
| Bottom of the 8th over - 0 runs, 0 hits, 0 errors, 0 left on base; Greeneville 9 - Baltimore (APP) 3 |
| TOP OF THE 9TH |
|
Greeneville Astros batting - Pitching for Baltimore (APP) Orioles : RHP Vincent Maris
|
|
Batting: LHB Gong Tow
|
0-0: Called Strike 0-1: Ball 1-1: Called Strike 1-2: Ball 2-2: Foul Ball, location: 2F 2-2: Foul Ball, location: 2F 2-2: Strikes out swinging
|
|
Batting: LHB Casper Significant
|
0-0: SINGLE (Flyball, 8LS, EV 90.6 MPH)
|
|
Batting: SHB Rory Mozer
|
0-0: Swinging Strike 0-1: Called Strike 0-2: Ball 1-2: Strikes out swinging
|
|
Batting: LHB Bert Middleton
|
0-0: Ball 1-0: Called Strike 1-1: Ball 2-1: Ball 3-1: Called Strike 3-2: Fly out, F8 (Flyball, 78D, EV 83.8 MPH)
|
| Top of the 9th over - 0 runs, 1 hit, 0 errors, 1 left on base; Greeneville 9 - Baltimore (APP) 3 |
| BOTTOM OF THE 9TH |
|
Baltimore (APP) Orioles batting - Pitching for Greeneville Astros : RHP Ernie Bell
|
|
Batting: RHB Tyler Cohen
|
0-0: Called Strike 0-1: Called Strike 0-2: Ball 1-2: Fly out, F9 (Flyball, 9D, EV 100.0 MPH)
|
|
Batting: RHB Bob Bychyk
|
0-0: Ball 1-0: Called Strike 1-1: Ball 2-1: Ball 3-1: Called Strike 3-2: Foul Ball, location: 2F 3-2: Strikes out swinging
|
|
Batting: LHB Edwin Cabral
|
0-0: Called Strike 0-1: Ground out 4-3 (Groundball, 4, EV 104.4 MPH)
|
| Bottom of the 9th over - 0 runs, 0 hits, 0 errors, 0 left on base; Greeneville 9 - Baltimore (APP) 3 |
|